 Dungeon Crawl Stone Soup version 0.22-a0-443-g17c3723 (webtiles) character file.

84 emperorscorpion the Sneak (level 4, -2/31 HPs)
             Began as a Spriggan Enchanter on June 1, 2018.
             Succumbed to Sigmund's poison
             ... on level 3 of the Dungeon.
             The game lasted 00:04:00 (2471 turns).

emperorscorpion the Sneak (Spriggan Enchanter)      Turns: 2471, Time: 00:04:00

Health: -2/31      AC: 22    Str:  4    XL:     4   Next: 23%
Magic:  2/9        EV:  4    Int: 17    God:
Gold:   120        SH:  0    Dex: 21    Spells: 3/9 levels left

rFire    . . .     SeeInvis +   a - +1 dagger
rCold    . . .     Gourm    +   (shield restricted)
rNeg     + + +     Faith    .   (armour currently unavailable)
rPois    +         Spirit   .   (helmet currently unavailable)
rElec    .         Reflect  .   (cloak currently unavailable)
rCorr    .         Harm     .   (gloves unavailable)
MR       .....     NoTele   +   (boots unavailable)
Stlth    ++++++....             k - amulet of the gourmand
HPRegen  0.10/turn              i - ring of stealth
MPRegen  0.11/turn              (no ring)

@: agile, lethally poisoned (-2 -> -33), tree-form
A: very small, unfitting armour, see invisible, herbivore, slow metabolism 2
a: no special abilities


You were on level 3 of the Dungeon.
You were hungry.
You were a tree.
You visited 1 branch of the dungeon, and saw 3 of its levels.

You collected 120 gold pieces.

Inventory:

Hand Weapons
 a - a +1 dagger (weapon)
 f - a +0 hunting sling
Missiles
 g - 34 stones (quivered)
 j - 19 bolts
 n - 25 poisoned needles
Armour
 b - a +0 robe (melded)
 s - a +0 buckler
Jewellery
 i - a ring of stealth (left branch)
 k - an amulet of the gourmand (around neck)
Scrolls
 c - a scroll of enchant armour {unknown}
 h - 5 scrolls of teleportation {unknown}
 l - a scroll of fear {unknown}
 m - 2 scrolls of identify {unknown}
 o - a scroll of magic mapping {unknown}
 p - a scroll of remove curse {unknown}
Potions
 e - 2 potions of agility
 r - a potion of invisibility {unknown}
Comestibles
 d - 5 rations


   Skills:
 + Level 2.0 Short Blades
 + Level 3.2 Dodging
 + Level 6.3 Stealth
 + Level 3.2 Spellcasting
 + Level 4.1 Hexes
 + Level 0.2 Ice Magic


You had 3 spell levels left.
You knew the following spells:

 Your Spells              Type           Power        Failure   Level  Hunger
a - Corona                Hex            ###....      3%          1    None
b - Ensorcelled Hibernat  Hex/Ice        ##....       11%         2    ##.....
c - Confuse               Hex            ###.....     10%         3    ###....

Your spell library contained the following spells:

 Spells                   Type           Power        Failure   Level  Hunger
 Tukima's Dance           Hex            ###.....     10%         3    ###....
 Dazzling Spray           Conj/Hex       #.....       22%         3    ###....


Dungeon Overview and Level Annotations

Branches:
Dungeon (3/15)

Altars:
Okawaru
Qazlal
The Shining One

Annotations:
D:3 Natasha, Robin, Sigmund


Innate Abilities, Weirdness & Mutations

You are very small and have problems with some larger weapons.
You are too small for most types of armour.
You have supernaturally acute eyesight. (SInv)
You are a herbivore.
((You cover ground extremely quickly.))
You need to consume almost no food.


Message History

Sigmund is almost dead.
Sigmund hits you with a scythe of venom.
You are lethally poisoned!
Casting: Ensorcelled Hibernation (safe; 11% risk of failure)
Confirm with . or Enter, or press ? or * to list all spells.
Aiming: Confuse (safe; 10% risk of failure)
Press: ? - help, Shift-Dir - straight line, f/p - Sigmund
Aim: Sigmund, wielding a scythe of venom and wearing a robe (almost dead, chance to defeat MR: 55%) Sigmund appears confused.
You feel sick.
Sigmund hits you with a scythe of venom!
Ouch! That really hurt!
* * * LOW HITPOINT WARNING * * *
You are more poisoned.
It was a potion of agility.
You feel agile all of a sudden.
* * * LOW HITPOINT WARNING * * *
You feel sick.
It was a potion of lignification.
You turn into a tree.
Your +0 robe melds into your body.
Your roots penetrate the ground.
You die...

###########.#
#<....♣@(...#
#.#########.#
#.# ..# #..#
#..# #..#
#..#


You could see Sigmund (confused).

Vanquished Creatures
  4 adders (D:2)
  An ooze (D:1)
  A worm (D:2)
  A dart slug (D:1)
  2 leopard geckos (D:2)
  A ball python (D:2)
  3 bats
  6 goblins
  4 hobgoblins
  4 frilled lizards
  4 kobolds
  8 rats
39 creatures vanquished.

Notes
Turn   | Place    | Note
-------+----------+-------------------------------------------
     0 | D:1      | emperorscorpion the Spriggan Enchanter began the quest for the Orb.
     0 | D:1      | Reached XP level 1. HP: 9/9 MP: 5/5
   163 | D:1      | Reached XP level 2. HP: 13/13 MP: 6/6
   493 | D:1      | Learned a level 2 spell: Ensorcelled Hibernation
   511 | D:1      | Reached skill level 5 in Stealth
   983 | D:2      | Reached XP level 3. HP: 16/16 MP: 8/8
  1402 | D:2      | Learned a level 3 spell: Confuse
  1543 | D:2      | Found a stormy altar of Qazlal.
  1543 | D:2      | Found an iron altar of Okawaru.
  1665 | D:2      | Reached skill level 6 in Stealth
  1665 | D:2      | Reached XP level 4. HP: 21/21 MP: 6/9
  2229 | D:2      | Found a glowing golden altar of the Shining One.
  2412 | D:3      | Noticed Natasha
  2412 | D:3      | Noticed Robin
  2457 | D:3      | Noticed Sigmund
  2470 | D:3      | HP: 1/21 [poisoned by Sigmund]
  2471 | D:3      | Succumbed to Sigmund's poison

Vault maps used:
D:1:      dpeg_arrival_court
D:2:      nicolae_tso_swordbearing_angel, gammafunk_temple_overflow_pools,
          first_ration, minmay_shallow_snake_nest
D:3:      lemuel_doored_altar, chequers_ecumenical_altar_lobes,
          okawaru_gym_becter, uniq_natasha, uniq_robin, uniq_sigmund

Skill      XL: |  1  2  3 |
---------------+----------+-----
Hexes          | 4 |  4.1
Stealth        | 5 6 |  6.3
Spellcasting   | 3 |  3.2
Short Blades   | 2 |  2.0
Dodging        | |  3.2
Ice Magic      | |  0.2

Action                   |  1- 3 |  4- 6 || total
-------------------------+-------+-------++-------
Melee: Dagger            |    60 |    23 ||    83
 Cast: Corona            |     2 |       ||     2
       Ensorcelled Hiber |    19 |     7 ||    26
       Confuse           |       |     1 ||     1
  Use: Potion            |       |     2 ||     2
 Stab: Sleeping          |    24 |     5 ||    29
Armor: Robe              |     4 |     1 ||     5
Dodge: Dodged            |    39 |    19 ||    58

Table legend:
 A = Spawn XP
 B = Non-spawn XP
 C = Spawn XP percentage of total XP
 D = Spawn monster count
 E = Non-spawn monster count
 F = Spawn count percentage of total count
 G = Total turns spent on level
                    A         B        C        D         E        F      G
               +---------+---------+-------+---------+---------+-------+---------
         Total |       0 |     120 |   0.0 |       0 |      39 |   0.0 |  2471
               +---------+---------+-------+---------+---------+-------+---------
           D:1 |       0 |      35 |   0.0 |       0 |      19 |   0.0 |   993
           D:2 |       0 |      85 |   0.0 |       0 |      20 |   0.0 |  1462
               +---------+---------+-------+---------+---------+-------+---------
